 Dungeon Crawl Stone Soup version 0.27-a0-679-g77a6b55cf3 (webtiles) character file.

Game seed: 129404225462012109

24934 jasper the Tortoise (level 12, 0/118 HPs)
             Began as a Minotaur Gladiator on Mar 18, 2021.
             Was an Elder of Ashenzari.
             Shot with an arrow by Nessos (25 damage)
             ... on level 2 of the Orcish Mines.
             The game lasted 00:31:47 (18790 turns).

jasper the Tortoise (Minotaur Gladiator)           Turns: 18790, Time: 00:31:47

Health: 0/118      AC: 16    Str: 20    XL:     12   Next: 85%
Magic:  17/17      EV: 11    Int: 10    God:    Ashenzari [****..]
Gold:   565        SH: 16    Dex: 18    Spells: 7/19 levels left

rFire    . . .     SeeInvis +   S - +1 broad axe (drain)
rCold    + . .     Faith    .   P - +2 tower shield of Curses and Power {rPois, Evo, Fort} (curse)
rNeg     + . .     Spirit   .   m - +0 chain mail "Augurer of the Ether" {Melee, Fort} (curse)
rPois    +         Reflect  .   c - +0 hat of the Cursed Planets {Evo, Cun} (curse)
rElec    +         Harm     .   (no cloak)
rCorr    .         Rampage  .   A - +0 pair of gloves of Supernal Wisdom {Stlth+, Elem, Bglg} (curse)
Will     .....     Clarity  +   (no boots)
Stlth    ..........             (no amulet)
HPRegen  0.29/turn              p - ring of Ashenzari's Repose {rElec rC+ Int+4 Dex+3, Cun, Elem} (curse)
MPRegen  0.15/turn              o - ring "Yoke of the Ether" {rN+, Self, Cun} (curse)

@: lethally poisoned (0 -> -58), studying Axes
A: horns 2, retaliatory headbutt
a: Renounce Religion, Shatter the Chains


You were on level 2 of the Orcish Mines.
You worshipped Ashenzari.
Ashenzari was greatly pleased with you.
You visited 4 branches of the dungeon, and saw 17 of its levels.
You also visited: Ossuary and Bailey.

You collected 1017 gold pieces.
You spent 452 gold pieces at shops.

Inventory:

Hand Weapons
 d - a +0 morningstar
 K - a +3 war axe
 S - a +1 broad axe of draining (weapon)
Missiles
 e - 309 stones
 f - 149 sling bullets
 l - 14 boomerangs (quivered)
 E - 5 throwing nets
 N - 4 curare-tipped darts
Armour
 c - the cursed +0 hat of the Cursed Planets (worn) {Evo, Cun}

   It has a curse placed upon it.
 h - a +0 plate armour
 m - the cursed +0 chain mail "Augurer of the Ether" (worn) {Melee, Fort}
   (You found it on level 2 of the Dungeon)

   It has a curse placed upon it.
 A - the cursed +0 pair of gloves of Supernal Wisdom (worn) {Stlth+, Elem, Bglg}
   (You bought it in a shop on level 5 of the Dungeon)

   It makes you more stealthy.
   It has a curse placed upon it.
 F - a +0 pair of gloves
 G - the +2 hat of the Apprentice {rC+ rN+ Will+}
   (You bought it in a shop on level 3 of the Dungeon)

   It protects you from cold.
   It protects you from negative energy.
   It affects your willpower, your defense against some magical effects.
 O - the +1 plate armour of the Lute {rC++ Int+4 Dex+3}
   (You found it in a bailey)

   It affects your intelligence (+4).
   It affects your dexterity (+3).
   It greatly protects you from cold.
 P - the cursed +2 tower shield of Curses and Power (worn) {rPois, Evo, Fort}
   (You found it in a bailey)

   It has a curse placed upon it.
Jewellery
 o - the cursed ring "Yoke of the Ether" (left hand) {rN+, Self, Cun}
   (You found it on level 4 of the Dungeon)

   [ring of positive energy]

   It protects you from negative energy.
   It has a curse placed upon it.
 p - the cursed ring of Ashenzari's Repose (right hand) {rElec rC+ Int+4 Dex+3, Cun, Elem}
   (You acquired it on level 4 of the Dungeon)

   [ring of protection from cold]

   It affects your intelligence (+4).
   It affects your dexterity (+3).
   It protects you from cold.
   It insulates you from electricity.
   It has a curse placed upon it.
 H - a ring of positive energy
 J - an amulet of guardian spirit
 R - a ring of poison resistance
Scrolls
 b - a scroll of fear
 i - a scroll of blinking
 j - 15 scrolls of identify
 k - 6 scrolls of magic mapping
 q - 4 scrolls of vulnerability
 r - 2 scrolls of amnesia
 s - 2 scrolls of fog
 x - a scroll of summoning
 y - 5 scrolls of enchant armour
 C - 3 scrolls of teleportation
 D - 3 scrolls of immolation
Potions
 g - 2 potions of brilliance
 t - 4 potions of curing
 w - a potion of flight
 z - a potion of resistance
 B - a potion of mutation
 L - 3 potions of ambrosia
Miscellaneous
 Q - a box of beasts (inert)


   Skills:
 + Level 12.4(14.4) Fighting
 * Level 15.4(17.3) Axes
 - Level 2.0 Throwing
 - Level 15.8(18.7) Armour
 - Level 9.6(13.9) Dodging
 + Level 1.4(3.7) Shields
 - Level 2.2(4.0) Spellcasting
 - Level 5.9(8.2) Hexes
 - Level 1.8(4.3) Evocations


You had 7 spell levels left.
You knew the following spells:

 Your Spells              Type           Power      Damage    Failure   Level
a - Confusing Touch       Hex            18%        N/A       87%         3
b - Passwall              Tmut/Erth      1%         N/A       100%        2
c - Tukima's Dance        Hex            18%        N/A       87%         3
d - Mephitic Cloud        Conj/Pois/Air  2%         N/A       100%        3
e - Apportation           Tloc           4%         N/A       100%        1

Your spell library contained the following spells:

 Spells                   Type           Power      Damage    Failure   Level
 Corona                   Hex            20%        N/A       52%         1
 Ensorcelled Hibernation  Hex/Ice        20%        N/A       99%         2
 Sting                    Tmut/Pois      8%         1d3       100%        1
 Poisonous Vapours        Pois/Air       4%         N/A       100%        2
 Dazzling Flash           Conj/Hex       20%        N/A       100%        3
 Gell's Gravitas          Tloc           1%         N/A       100%        3
 Ignite Poison            Fire/Tmut/Pois 2%         N/A       100%        3
 Lesser Beckoning         Tloc           1%         N/A       100%        3
 Olgreb's Toxic Radiance  Pois           2%         N/A       100%        4
 Petrify                  Tmut/Erth      2%         N/A       100%        4
 Alistair's Intoxication  Tmut/Pois      1%         N/A       100%        5
 Metabolic Englaciation   Hex/Ice        5%         N/A       100%        5
 Yara's Violent Unravell  Hex/Tmut       5%         3d4       100%        5
 Eringya's Noxious Bog    Tmut/Pois      1%         N/A       100%        6
 Invisibility             Hex            18%        N/A       100%        6


Dungeon Overview and Level Annotations

Branches:
Dungeon (13/15)            Temple (1/1) D:6            Lair (1/6) D:8
    Orc (2/2) D:9         Ossuary (visited)          Bailey (visited)
    Elf: Orc:2       Vaults: D:13-14

Altars:
Ashenzari
Cheibriados
Dithmenos
Elyvilon
Fedhas
Gozag
Hepliaklqana
Kikubaaqudgha
Makhleb
Nemelex Xobeh
Okawaru
Qazlal
Ru
Sif Muna
Trog
Uskayaw
Vehumet
Wu Jian
Xom
Yredelemnul
Zin
The Shining One

Shops:
D:3 [   D:5 [   D:6 :   D:10 (!   Orc:2 [

Portals:
Trove: D:10 (give warlock's mirror)

Annotations:
D:3 3 runed translucent doors, krigyl's ghost, amateur TrVM
D:11 Gastronok
Orc:2 Nessos


Innate Abilities, Weirdness & Mutations

You have a pair of horns on your head.
You reflexively headbutt those who attack you in melee.


Message History

Okay, then.
Casting: Tukima's Dance (dangerous; 87% risk of failure)
Confirm with . or Enter, or press ? or * to list all spells.
Okay, then.
You block the orc warrior's attack.
Nessos wields a +2 longbow of flaming.
It bursts into flame!
Nessos shoots an arrow.
You block the arrow.
Nessos blinks!
Nessos intently looks at you, slowly moving their tail.
Nessos shoots an arrow.
You block the arrow.
Nessos shoots an arrow.
You block the arrow.
Nessos shoots an arrow.
The arrow hits you. The arrow burns you.
The orc warrior hits you but does no damage.
You take 5 damage, and have 77/118 hp.
Nessos shoots an arrow.
You block the arrow.
Nessos shoots an arrow.
The arrow hits you. The arrow burns you.
You are poisoned.
Nessos blinks!
You take 5 damage, and have 72/118 hp.
You hit the orc warrior.
The orc warrior is almost dead.
You feel sick.
Nessos shoots an arrow.
The arrow hits you! The arrow burns you.
You are more poisoned.
Nessos shoots an arrow.
The arrow hits you!
* * * LOW HITPOINT WARNING * * *
The arrow burns you.
You are lethally poisoned!
* * * LOW HITPOINT WARNING * * *
The orc warrior hits you but does no damage.
Nessos shoots an arrow.
You block the arrow. The orc warrior closely misses you.
You furiously retaliate!
You headbutt the orc warrior, but do no damage.
Your shield and cursed chain mail "Augurer of the Ether" prevent you from hitting the orc warrior.
You headbutt the orc warrior, but do no damage.
The orc warrior is almost dead.
* * * LOW HITPOINT WARNING * * *
You feel very sick.
Nessos shoots an arrow.
You block the arrow. You block the orc warrior's attack.
Nessos shoots an arrow.
The arrow hits you!!
You die...

#####...#.............#
##.##..............#.... *
* *
#...##..........#.......,
, ,
##..###........#........ ,
##...#..........#.......
*, ,
##......)..).....^...c..
*, ,
###.............#.....#. ,
###...........o.........,*
,
###.............@........
, **
#........................
***
.........................
** ,
.........................
*,
...#.............<......#
#......................##
**
#..[.))...............##
...).[...............##
#..............#....##


You could see Nessos (fast, drained) and an orc warrior (drained).

Vanquished Creatures
  A great orb of eyes (D:12)
  A boulder beetle (D:12)
  Harold (D:9)
  3 two-headed ogres
  The ghost of spiderkeys the Cleaver, a novice MiBe of Trog (D:6)
  A skeletal warrior (D:13)
  2 unseen horrors
  5 orc knights
  An ugly thing (D:12)
  A cyclops (D:12)
  Joseph (D:7)
  A cane toad (Lair:1)
  2 trolls
  Grinder (D:3)
  A hornet (D:10)
  A snapping turtle (D:12)
  A vampire (D:6)
  34 yaks
  2 wargs
  A swamp drake (D:9)
  2 water moccasins
  13 orc warriors
  3 sky beasts
  2 black bears
  3 ice beasts
  2 necrophages
  9 ogres
  3 wolves (D:8)
  A phantom (D:7)
  8 centaurs
  3 kobold brigands
  3 elf zombies (Ossuary)
  10 bullfrogs
  A wyvern zombie (D:8)
  A gnoll sergeant (D:10)
  A scorpion (D:8)
  8 killer bees
  19 wights
  3 howler monkeys
  4 electric eels (D:8)
  7 jellies
  5 centaur zombies (Ossuary)
  4 human zombies (Ossuary)
  A bullfrog zombie (D:9)
  9 hounds
  2 centaur skeletons
  13 orc priests
  2 bullfrog skeletons
  6 worker ants
  24 orc wizards
  3 mummies (Ossuary)
  2 worker ant zombies
  11 gnolls
  8 adders
  A shadow imp (D:6)
  5 white imps
  3 ufetubi
  A spectral adder (D:6)
  2 adder skeletons
  A dart slug (D:4)
  4 leopard geckos
  97 orcs
  5 bats
  6 giant cockroaches
  11 goblins
  5 hobgoblins
  3 iguanas
  8 jackals
  9 quokkas
  4 ball pythons
  9 frilled lizards
  17 kobolds
  A leopard gecko skeleton (D:6)
  A quokka skeleton (D:6)
  4 rats
455 creatures vanquished.

Vanquished Creatures (others)
  A steam dragon (D:7)
  A dancing weapon (D:10)
  3 fungi
  2 plants (D:3)
7 creatures vanquished.

Grand Total: 462 creatures vanquished

Notes
Turn   | Place    | Note
-------+----------+-------------------------------------------
     0 | D:1      | jasper the Minotaur Gladiator began the quest for the Orb.
     0 | D:1      | Reached XP level 1. HP: 18/18 MP: 0/0
   232 | D:1      | Reached XP level 2. HP: 25/25 MP: 1/1
  1077 | D:2      | Reached skill level 5 in Axes
  1255 | D:2      | Reached XP level 3. HP: 19/30 MP: 2/2
  1510 | D:2      | Reached skill level 1 in Armour
  1657 | D:3      | Found a runed translucent gate.
  1658 | D:3      | Found a runed translucent gate.
  1668 | D:3      | Reached XP level 4. HP: 28/37 MP: 3/3
  1773 | D:3      | Found a broken altar of Ashenzari.
  1780 | D:3      | Became a worshipper of Ashenzari the Shackled
  1799 | D:3      | Noticed Grinder
  1802 | D:3      | Paralysed by Grinder for 4 turns
  2027 | D:3      | Found Veliemp's Antique Armour Boutique.
  2198 | D:4      | Reached XP level 5. HP: 37/42 MP: 4/4
  2463 | D:4      | Noticed an orc warrior
  2491 | D:4      | Killed an orc warrior
  2492 | D:4      | Reached XP level 6. HP: 32/50 MP: 5/5
  2519 | D:4      | Identified the cursed +0 chain mail "Augurer of the Ether"
                  | {Melee, Fort} (You found it on level 2 of the Dungeon)
  2801 | D:4      | Found a snail-covered altar of Cheibriados.
  2831 | D:4      | Identified 3 scrolls of acquirement
  2842 | D:4      | Acquired the ring "Dynousch" {rElec rC+ Int+4 Dex+3}
  2843 | D:4      | Acquired a manual of Axes
  2844 | D:4      | Acquired a manual of Armour
  2945 | D:4      | Found an ornate altar of the Wu Jian Council.
  3231 | D:4      | Reached * piety under Ashenzari
  3353 | D:4      | Reached skill level 5 in Armour
  3353 | D:4      | Reached XP level 7. HP: 56/56 MP: 6/6
  3620 | D:5      | Entered Level 5 of the Dungeon
  3693 | D:5      | Learned a level 3 spell: Confusing Touch
  3753 | D:5      | Found a basalt altar of Yredelemnul.
  3786 | D:5      | Found Pasuseam's Antique Armour Shoppe.
  3811 | D:5      | Reached ** piety under Ashenzari
  3898 | D:5      | Found a sand-covered staircase.
  3905 | Ossuary  | Entered an ossuary
  3933 | Ossuary  | Reached skill level 10 in Axes
  4106 | Ossuary  | Reached XP level 8. HP: 40/62 MP: 7/7
  4392 | D:5      | Identified Haebluc's Disquisition on Transmigration and
                  | Envenoming
  4396 | D:5      | Found a burning altar of Makhleb.
  5101 | D:6      | Found a staircase to the Ecumenical Temple.
  5118 | Temple   | Entered the Ecumenical Temple
  5239 | D:6      | Found a transporter.
  5243 | D:6      | Found a transporter.
  5243 | D:6      | Noticed spiderkeys's ghost (novice MiBe)
  5416 | D:6      | Found Doyrghid's Book Shop.
  5486 | D:6      | Reached skill level 10 in Armour
  5534 | D:6      | Reached XP level 9. HP: 65/68 MP: 8/8
  5547 | D:6      | Found an iron altar of Okawaru.
  5547 | D:6      | Found a sacrificial altar of Ru.
  5548 | D:6      | Found a shimmering blue altar of Sif Muna.
  5548 | D:6      | Found a shimmering altar of Xom.
  5548 | D:6      | Found a glowing silver altar of Zin.
  5581 | D:6      | Reached skill level 15 in Axes
  5725 | D:6      | Found a shimmering altar of Xom.
  6402 | D:5      | Bought a pair of scorched gloves for 209 gold pieces
  6402 | D:5      | Identified the +0 pair of gloves "Ecabotal" {Stlth+} (You
                  | bought it in a shop on level 5 of the Dungeon)
  6447 | D:6      | Reached skill level 1 in Evocations
  6895 | D:7      | Learned a level 2 spell: Passwall
  6899 | D:7      | Learned a level 3 spell: Tukima's Dance
  7270 | D:7      | Reached skill level 5 in Dodging
  7579 | D:7      | Noticed Joseph
  7609 | D:7      | Identified the cursed +0 war axe of Ashenzari's Stars
                  | {Comp, Cun}
  7609 | D:7      | Identified the cursed +0 hat of the Cursed Planets {Evo,
                  | Cun}
  7751 | D:7      | Killed Joseph
  7752 | D:7      | Reached skill level 5 in Fighting
  7842 | D:7      | Found a stormy altar of Qazlal.
  7960 | D:7      | Reached XP level 10. HP: 75/82 MP: 9/9
  8321 | D:8      | Reached *** piety under Ashenzari
  8345 | D:8      | Reached skill level 1 in Hexes
  8535 | D:8      | Found a staircase to the Lair.
  9414 | D:9      | Found a staircase to the Orcish Mines.
  9734 | D:9      | Found a hide-covered altar of Uskayaw.
  9774 | D:9      | Noticed a two-headed ogre
  9786 | D:9      | Killed a two-headed ogre
  9787 | D:9      | Reached skill level 1 in Spellcasting
  9791 | D:9      | Learned a level 3 spell: Mephitic Cloud
  9791 | D:9      | Reached **** piety under Ashenzari
  9972 | D:9      | Noticed Harold
 10008 | D:9      | Killed Harold
 10856 | D:3      | Bought a masterwork hat for 243 gold pieces
 10856 | D:3      | Identified the +2 hat of the Apprentice {rC+ rN+ Will+}
                  | (You bought it in a shop on level 3 of the Dungeon)
 10926 | D:3      | Paralysed by Grinder for 4 turns
 10939 | D:3      | Killed Grinder
 10940 | D:3      | Reached XP level 11. HP: 95/101 MP: 13/15
 10975 | D:3      | Found a runed translucent gate.
 10976 | D:3      | Identified the +10 whip "Tisuuh" {chaos, rElec Str+4}
 10977 | D:3      | Noticed krigyl's ghost (amateur TrVM)
 11766 | D:6      | Killed spiderkeys's ghost
 12156 | D:10     | Entered Level 10 of the Dungeon
 12193 | D:10     | Found Noanluze's Antique Weapon Emporium.
 12626 | D:10     | Found Fiumuv's Distillery.
 12738 | D:10     | Found a shimmering altar of Xom.
 13330 | D:10     | Noticed a two-headed ogre
 13347 | D:10     | Killed a two-headed ogre
 13427 | D:10     | Found a portal to a secret trove of treasure.
 13498 | D:11     | Noticed an unseen horror
 13511 | D:11     | Killed an unseen horror
 13621 | D:11     | Reached skill level 10 in Fighting
 13680 | D:11     | Learned a level 1 spell: Apportation
 13849 | D:11     | Noticed Gastronok
 14092 | D:12     | Noticed a white ugly thing
 14109 | D:12     | Killed a white ugly thing
 14124 | D:12     | Noticed a five-headed hydra
 14482 | D:12     | Identified the +8 long sword "Astruism" {drain, Fragile
                  | +Blink rElec rPois}
 14561 | D:12     | Noticed a two-headed ogre
 14570 | D:12     | Killed a two-headed ogre
 14571 | D:12     | Reached skill level 15 in Armour
 14726 | D:12     | Noticed a boulder beetle
 14761 | D:12     | Killed a boulder beetle
 14762 | D:12     | Reached XP level 12. HP: 34/115 MP: 11/17
 15052 | D:12     | Noticed a great orb of eyes
 15052 | D:12     | a five-headed hydra changed into a great orb of eyes
 15077 | D:12     | Killed a great orb of eyes
 15944 | D:12     | Reached skill level 5 in Hexes
 16046 | D:12     | Noticed a four-headed hydra
 16049 | D:12     | a four-headed hydra changed into a snapping turtle
 16225 | D:13     | Found a flagged portal.
 16244 | Bailey   | Entered a bailey
 16735 | Bailey   | Identified the +1 plate armour of the Lute {rC++ Int+4
                  | Dex+3}
 17544 | Lair:1   | Entered Level 1 of the Lair of Beasts
 17847 | Lair:1   | Noticed a six-headed hydra
 17952 | Orc:1    | Entered Level 1 of the Orcish Mines
 18347 | Orc:1    | Reached skill level 1 in Shields
 18681 | Orc:2    | Entered Level 2 of the Orcish Mines
 18774 | Orc:2    | Found Ytwer's Antique Armour Emporium.
 18775 | Orc:2    | Noticed Nessos
 18790 | Orc:2    | Shot with an arrow by Nessos

Illustrated notes

Levels and vault maps discovered:
D:1:      arrival_zaba_pyramid, layout_basic, minmay_splitting_lines,
          nrook_campfire, minmay_misc_feat_more_columns
D:2:      layout_loops_ring
D:3:      layout_loops_ring, evilmike_ruin_ashenzari,
          gammafunk_ghost_nasty_kobolds, serial_shops, shop, uniq_grinder
D:4:      layout_basic, kennysheep_slug_shrine, nzn_wu_jian_council_hall,
          st_stairs_12, minmay_increasing_density
D:5:      layout_layer_cave, general_overflow_altar, old_standard_altar,
          serial_shops, nicolae_shop_overgrown_old_shop,
          chequers_ossuary_entry_cave
D:6:      layout_loops_ring, grunt_temple_overflow_open, temple_doors_e,
          gammafunk_ghost_mausoleum, serial_shops, nicolae_shop_window_shopping,
          dk_xom_monty_hall
D:7:      layout_loops_ring, lemuel_doored_altar, uniq_joseph
D:8:      layout_layer_cave, erik_lair_island
D:9:      layout_basic, nicolae_uskayaw_murder_on_the_dancefloor, erik_orc_1,
          uniq_harold
D:10:     layout_roguey, basic_altar, nicolae_trove_entry_crossroad,
          serial_shops, shop, shop
D:11:     layout_long_grid, uniq_gastronok, uniq_sonja, uniq_josephine
D:12:     layout_irregular_city
D:13:     layout_gridville, david_vaults_2, enter_bailey_3, uniq_kirke
Temple:   cyrus_temple_forest
Lair:1:   wad_woods_minihive, layout_gridlike, minivault_27, patterned_corridor,
          uniq_nergalle
Orc:1:    layout_caves, basic_altar, uniq_snorg
Orc:2:    st_orc_open, layout_caves, serial_shops, shop, uniq_nessos

Skill      XL: |  1  2  3  4  5  6  7  8  9 10 11 12 |
---------------+-------------------------------------+-----
Axes           | 4 5 6 7 9 11 14 15 | 15.4
Armour         | 1 2 3 5 7 10 12 13 15 | 15.8
Fighting       | 5 8 10 12 | 12.4
Evocations     | 1 |  1.8
Dodging        | 5 7 8 9 |  9.6
Hexes          | 2 4 5 |  5.9
Spellcasting   | 1 2 |  2.2
Shields        | 1 |  1.4
Throwing       | |  2.0

Action                   |  1- 3 |  4- 6 |  7- 9 | 10-12 || total
-------------------------+-------+-------+-------+-------++-------
Melee: War axe           |    50 |    82 |   310 |   782 ||  1224
       Headbutt          |     5 |    11 |    85 |   231 ||   332
       Unarmed           |       |       |     8 |       ||     8
       Broad axe         |       |       |       |    63 ||    63
Throw: Stone             |    50 |     5 |       |       ||    55
       Throwing net      |     4 |       |       |       ||     4
       Boomerang         |       |    13 |     5 |     5 ||    23
 Cast: Confusing Touch   |       |       |       |     9 ||     9
       Tukima's Dance    |       |       |       |     7 ||     7
Invok: Curse Item        |       |     2 |     1 |     4 ||     7
       Shatter the Chain |       |       |       |     1 ||     1
Evoke: Wand              |       |       |       |    52 ||    52
       Box of beasts     |       |       |       |     1 ||     1
  Use: Scroll            |       |     5 |     1 |     3 ||     9
       Potion            |       |     3 |     6 |     5 ||    14
 Stab: Held in net/web   |     1 |       |       |       ||     1
       Invisible         |       |       |     3 |       ||     3
       Confused          |       |       |       |    15 ||    15
       Distracted        |       |       |       |     2 ||     2
Armor: Leather armour    |     8 |       |       |       ||     8
       Chain mail        |     6 |    36 |   116 |   239 ||   397
       Skin              |       |    30 |     8 |    75 ||   113
Dodge: Dodged            |    27 |    31 |   122 |   468 ||   648
Block: Tower shield      |       |       |       |    80 ||    80

Table legend: (Time is in decaauts)
 A = Elapsed time spent in this place.
 B = Non-inter-level travel time spent in this place.
 C = Inter-level travel time spent in this place.
 D = Time resting spent in this place.
 E = Time spent auto-exploring this place.
 F = Levels seen in this place.
 G = Mean time per level.
                   A        B        C        D        E       F      G
               +--------+--------+--------+--------+--------+-----+--------+
         Total |  18579 |  17555 |   1024 |   4361 |  10152 |  19 |  977.8 |
       Dungeon |  16638 |  15650 |    988 |   3691 |   9388 |  13 | 1279.8 |
        Temple |     99 |     76 |     23 |      0 |     75 |   1 |   99.0 |
          Lair |    330 |    330 |      0 |    208 |     71 |   1 |  330.0 |
  Orcish Mines |    615 |    602 |     13 |      0 |    483 |   2 |  307.5 |
       Ossuary |    351 |    351 |      0 |    174 |     99 |   1 |  351.0 |
        Bailey |    544 |    544 |      0 |    288 |     36 |   1 |  544.0 |
               +--------+--------+--------+--------+--------+-----+--------+

Top non-repeatable levels by time:
    D:12: 2632 daAuts
     D:6: 1809 daAuts
     D:9: 1640 daAuts
     D:7: 1608 daAuts
     D:4: 1563 daAuts
    D:10: 1319 daAuts
     D:5: 1249 daAuts
     D:8: 1158 daAuts
     D:3: 1033 daAuts
     D:2: 982 daAuts
     D:1: 948 daAuts
  Bailey: 544 daAuts
   Orc:1: 504 daAuts
    D:11: 383 daAuts
 Ossuary: 351 daAuts
